 Dungeon Crawl Stone Soup version 0.31.0-9-g3a7656b989 (webtiles) character file.

Game seed: 12427233233899551152

130 qw the Ducker (level 4, -1/22 HPs)
             Began as a Spriggan Hunter on Feb 2, 2024.
             Was an Initiate of Okawaru.
             Incinerated by a bombardier beetle (3 damage)
             ... with a burning spray
             ... on level 3 of the Dungeon.
             The game lasted 00:00:06 (1547 turns).

qw the Ducker (Spriggan Hunter)                     Turns: 1547, Time: 00:00:07

Health: -1/22      AC:  2    Str: 11    XL:     4   Next: 89%
Magic:  5/5        EV: 20    Int:  9    God:    Okawaru [......]
Gold:   157        SH:  0    Dex: 19    Spells: 3/3 levels left

rFire   . . .        a - +0 shortbow
rCold   . . .        (shield currently unavailable)
rNeg    . . .        c - +0 robe
rPois   .            (helmet restricted)
rElec   .            (no cloak)
rCorr   .            (gloves unavailable)
SInv    +            (boots unavailable)
Will    .....        (no amulet)
Stlth   +            (no ring)
HPRegen 0.23/turn    (no ring)
MPRegen 0.09/turn

%: no passive effects
@: on fire, glowing, very quick
A: very small, no large weapons, unfitting armour, see invisible, speed 3,
mutation resistance 1, strong 1, subdued magic 1
a: Renounce Religion


You were on level 3 of the Dungeon.
You worshipped Okawaru.
Okawaru was noncommittal.
You visited 1 branch of the dungeon, and saw 3 of its levels.

You collected 157 gold pieces.


Innate Abilities, Weirdness & Mutations

You are very small and have problems with some larger weapons.
You are too small for most types of armour.
You have supernaturally acute eyesight. (SInv)
You cover ground extremely quickly. (Speed+++)
You are somewhat resistant to further mutation.
Your muscles are strong. (Str +4, Int/Dex -1)
Your spells are a little easier to cast, but a little less powerful.


   Skills:
 + Level 1.5 Fighting
 - Level 5.0 Ranged Weapons
 - Level 5.5 Dodging
 - Level 1.5 Stealth


You had 3 spell levels left.
You didn't know any spells.
Your spell library was empty.

Inventory:

Hand Weapons
 a - a +0 shortbow (weapon)
Armour
 c - a +0 robe (worn)
Scrolls
 e - a scroll of poison {unknown}
Potions
 b - a potion of curing
 d - a potion of ambrosia {unknown}
 f - a potion of resistance {unknown}
 g - a potion of degeneration {unknown}
 h - a potion of lignification {unknown}
 i - a potion of mutation

Dungeon Overview and Level Annotations

Branches:
Dungeon (3/15)

Altars:
Okawaru

Annotations:
D:3 1 runed translucent door


Message History

You shoot an arrow. The arrow hits the dart slug!
The dart slug is severely wounded.
The dart slug launches a dart at you. The slug dart misses you.
You shoot an arrow. The arrow hits the dart slug.
You kill the dart slug!
Okawaru accepts your kill.
You shoot an arrow. The arrow closely misses the rat.
The rat misses you.
You shoot an arrow.
The arrow hits the rat but does no damage.
The rat bites you but does no damage. The rat closely misses you.
You shoot an arrow. The arrow hits the rat.
You kill the rat!
Okawaru accepts your kill.
You shoot an arrow. The arrow hits the bombardier beetle.
The bombardier beetle is moderately wounded.
The bombardier beetle completely misses you.
You shoot an arrow. The arrow hits the bombardier beetle.
The bombardier beetle is heavily wounded.
You shoot an arrow. The arrow hits the bombardier beetle.
The bombardier beetle is severely wounded.
The bombardier beetle sprays incendiary fluid at you.
The burning spray hits you.
You are covered in liquid fire!
You shoot an arrow.
The arrow barely misses the bombardier beetle.
The liquid fire burns you!
The bombardier beetle barely misses you.
You shoot an arrow. The arrow hits the bombardier beetle.
The bombardier beetle is almost dead.
The liquid fire burns you!
You shoot an arrow. The arrow hits the bombardier beetle.
You kill the bombardier beetle!
Okawaru accepts your kill. The liquid fire burns you!
Your Dodging skill increases to level 5!
You are on fire!
The liquid fire burns you!
You die...

#####........##.#
..##...#........##.#
........###...####.#
# ..
#...###...###..#
#.#. #...##...#....#
...###....#...#.#.##
#...............##
#.#...............
#@......#..>%#####
#%)###....###.## #
#.#. #....# #.# # #.
.. #....# #.# # #.
.## ...#### #.# # #.
.# .#..# #.# # # ..
# ...# #.# # #.
###.# #.# # #.#


There were no monsters in sight!

Vanquished Creatures
  A bombardier beetle (D:3)
  A gnoll (D:1)
  3 adders
  5 dart slugs
  A ribbon worm (D:2)
  4 endoplasms
  3 goblins
  4 hobgoblins
  4 jackals
  6 kobolds
  4 quokkas
  4 ball pythons
  5 bats
  3 frilled lizards
  6 rats
54 creatures vanquished.

Notes
Turn   | Place    | Note
-------+----------+-------------------------------------------
     0 | D:1      | qw the Spriggan Hunter began the quest for the Orb.
     0 | D:1      | Reached XP level 1. HP: 10/10 MP: 2/2
     0 | D:1      | 0 ||| qw: Version: 0.3-a-155-g5e7d8dd
     0 | D:1      | 0 ||| qw: Game counter: 216
     0 | D:1      | 0 ||| qw: Melee chars always use a shield: true
     0 | D:1      | 0 ||| qw: God list: Okawaru
     0 | D:1      | 0 ||| qw: Allow faded altars: false
     0 | D:1      | 0 ||| qw: Do Orc after clearing Dungeon:15 true
     0 | D:1      | 0 ||| qw: Do second Lair branch before Depths: true
     0 | D:1      | 0 ||| qw: Lair rune preference: random
     0 | D:1      | 0 ||| qw: Goals: Normal
     0 | D:1      | 0 ||| PLANNING D:1-11
    27 | D:1      | Found a faded altar of an unknown god.
   115 | D:1      | Reached skill level 3 in Dodging
   115 | D:1      | Reached XP level 2. HP: 14/14 MP: 3/3
   245 | D:1      | Reached XP level 3. HP: 18/18 MP: 4/4
   517 | D:1      | 517 ||| READING scroll labelled XETEHO BECITSE.
   518 | D:1      | 518 ||| READING scroll labelled OHOFFO BEIGOYFO.
   519 | D:1      | 519 ||| DRINKING 3 glowing black potions.
   520 | D:1      | 520 ||| DROPPING scroll of butterflies.
   521 | D:1      | 521 ||| DROPPING 2 potions of invisibility.
   912 | D:2      | Reached XP level 4. HP: 16/22 MP: 5/5
  1227 | D:2      | 1227 ||| READING scroll labelled COXIDGH WYSUOTAEB.
  1228 | D:2      | 1228 ||| READING scroll labelled GYFATOI HAFI.
  1228 | D:2      | 1228 ||| IDENTIFYING sedimented silvery potion
  1229 | D:2      | 1229 ||| READING scroll labelled YLO GEVABAHY QOE.
  1283 | D:2      | 1283 ||| READING scroll labelled SYXELELUROM.
  1284 | D:2      | 1284 ||| DRINKING 2 amethyst potions.
  1285 | D:2      | 1285 ||| DRINKING 3 orange potions.
  1285 | D:2      | Gained mutation: You sometimes lose your temper in combat.
                  | [potion of mutation]
  1285 | D:2      | Gained mutation: Your spells are a little easier to cast,
                  | but a little less powerful. [potion of mutation]
  1285 | D:2      | Gained mutation: You have sharp toenails. [potion of
                  | mutation]
  1285 | D:2      | Gained mutation: Your muscles are strong. (Str +4, Int/Dex
                  | -1) [potion of mutation]
  1286 | D:2      | 1286 ||| DRINKING 2 potions of mutation.
  1286 | D:2      | Lost mutation: You sometimes lose your temper in combat.
                  | [potion of mutation]
  1286 | D:2      | Lost mutation: You have sharp toenails. [potion of
                  | mutation]
  1286 | D:2      | Gained mutation: You are somewhat resistant to further
                  | mutation. [potion of mutation]
  1287 | D:2      | 1287 ||| DROPPING potion of berserk rage.
  1353 | D:3      | Found an iron altar of Okawaru.
  1354 | D:3      | 1354 ||| PLANNING OKAWARU WORSHIP
  1355 | D:3      | Found a runed translucent door.
  1359 | D:3      | Noticed a gnoll sergeant
  1359 | D:3      | Found the +0 toga "Victory" {*Victory Clar}
  1359 | D:3      | Noticed an ogre
  1361 | D:3      | Became a worshipper of Warmaster Okawaru
  1362 | D:3      | 1362 ||| PLANNING D:1-11
  1546 | D:3      | HP: 2/22 [burnt (5)]
  1547 | D:3      | Incinerated by a bombardier beetle

Levels and vault maps discovered:
D:1:      dpeg_arrival_erosion, layout_rooms,
          hellmonk_ecumenical_altar_crossroads
D:2:      layout_loops_ring
D:3:      layout_basic, nicolae_overflow_guarded_unrand_okawaru_victory,
          serial_bayou_pond_d, minmay_starry_boxes

Skill      XL: |  1  2  3  4 |
---------------+-------------+-----
Dodging        | 3 4 5 |  5.5
Ranged Weapons | 5 |  5.0
Fighting       | |  1.5
Stealth        | |  1.5

Action                     |  1- 3 |  4- 6 || total
---------------------------+-------+-------++-------
   Fire: Shortbow          |   101 |    46 ||   147
    Use: Scroll            |     2 |     4 ||     6
         Potion            |     1 |     3 ||     4
 Armour: Robe              |    12 |     5 ||    17
  Dodge: Dodged            |    59 |    19 ||    78

Table legend:
 A = Non-vault XP
 B = Vault XP
 C = Vault XP percentage of total XP
 D = Non-vault monster count
 E = Vault monster count
 F = Vault count percentage of total count
                 A         B        C        D         E       F
            +---------+---------+-------+---------+---------+-------
      Total |     129 |      57 |  30.6 |      45 |       9 |  16.7
            +---------+---------+-------+---------+---------+-------
        D:1 |      53 |       0 |   0.0 |      23 |       0 |   0.0
        D:2 |      60 |       0 |   0.0 |      19 |       0 |   0.0
        D:3 |      16 |      57 |  78.1 |       3 |       9 |  75.0
            +---------+---------+-------+---------+---------+-------
